 Dungeon Crawl Stone Soup version 0.32-a0-42-ga30500b4d3 (webtiles) character file.

Game seed: 8272532777336415938

6787 CougarLife the Cleaver (level 10, -3/89 HPs)
             Began as a Minotaur Berserker on Jan 29, 2024.
             Was an Elder of Trog.
             Slain by a yak (11 damage)
             ... on level 8 of the Dungeon.
             The game lasted 00:11:21 (8013 turns).

CougarLife the Cleaver (Minotaur Berserker)         Turns: 8013, Time: 00:11:21

Health: -3/89      AC: 13    Str: 24    XL:     10   Next: 76%
Magic:  9/9        EV: 12    Int:  6    God:    Trog [****..]
Gold:   394        SH:  5    Dex: 10    Spells: 9/9 levels left

rFire   + . .        B - +1 hand axe (venom)
rCold   + . .        (no shield)
rNeg    . . .        j - +2 scale mail {rF+}
rPois   .            (helmet restricted)
rElec   .            l - +0 cloak
rCorr   .            (no gloves)
SInv    .            F - +0 pair of boots
Will    ++...        e - amulet of reflection Stlth
                     E - ring of protection from cold
HPRegen 1.34/turn    (no ring)
MPRegen 0.11/turn

%: reflection
@: about to teleport, strong-willed, on berserk cooldown, regenerating, slowed,
very slow
A: horns 2, retaliatory headbutt
a: Renounce Religion, Berserk, Trog's Hand, Brothers in Arms


You were on level 8 of the Dungeon.
You worshipped Trog.
Trog was greatly pleased with you.
You visited 1 branch of the dungeon, and saw 8 of its levels.
You also visited: Ossuary.

You collected 394 gold pieces.

Inventory:

Hand Weapons
 B - a +1 hand axe of venom (weapon)
Missiles
 c - 22 boomerangs (quivered)
 p - 10 poisoned darts
Armour
 j - a +2 scale mail of fire resistance (worn)
 l - a +0 cloak (worn)
 F - a +0 pair of boots (worn)
Jewellery
 a - a ring of ice
 e - an amulet of reflection (around neck)
 E - a ring of protection from cold (left hand)
Wands
 q - a wand of flame (30)
 y - a wand of paralysis (14)
 z - a wand of iceblast (23)
 H - a wand of polymorph (6)
Scrolls
 d - 3 scrolls of revelation
 g - 2 scrolls of enchant armour
 h - 2 scrolls of fog
 k - a scroll of fear {unknown}
 m - 2 scrolls of enchant weapon
 r - 2 scrolls of amnesia {unknown}
 t - 3 scrolls of poison
 v - 3 scrolls of teleportation
 w - a scroll of silence {unknown}
 x - 2 scrolls of summoning
 C - a scroll of torment {unknown}
 G - a scroll of immolation {unknown}
 I - a scroll of identify
Potions
 b - 3 potions of attraction
 f - 5 potions of degeneration {unknown}
 i - 3 potions of curing {unknown}
 n - 2 potions of invisibility {unknown}
 o - a potion of enlightenment {unknown}
 s - 3 potions of lignification {unknown}
 u - a potion of resistance {unknown}
 A - 2 potions of haste {unknown}
 D - a potion of mutation {unknown}


   Skills:
 - Level 8.3 Fighting
 * Level 13.3 Axes
 + Level 4.3 Throwing
 - Level 8.6 Armour
 - Level 8.0 Dodging


You had 9 spell levels left.
You didn't know any spells.
Your spell library was empty.

Dungeon Overview and Level Annotations

Branches:
Dungeon (8/15)             Temple (0/1) D:6         Ossuary (visited)
   Lair: D:8-11

Altars:
Ashenzari
Dithmenos
Elyvilon
Hepliaklqana
Kikubaaqudgha
Trog
Uskayaw
Xom
Yredelemnul
Zin
The Shining One

Shops:
D:6 *([(

Annotations:
D:8 Grum


Innate Abilities, Weirdness & Mutations

You have a pair of horns on your head.
You reflexively headbutt those who attack you in melee.


Message History

You slash the wolf!
The wolf is poisoned.
The wolf barely misses you. You furiously retaliate!
You headbutt the wolf! The wolf bites you but does no damage.
You block the wolf's attack.
Grum hits you from afar with a +0 halberd!
You hit the wolf.
The wolf looks as sick as possible!
Your headbutt misses the wolf.
The wolf is almost dead.
You hit the yak.
The yak is poisoned.
You kill the wolf!
Trog accepts your kill.
Grum hits you from afar with a +0 halberd!
You hit the wolf but do no damage.
The wolf looks as sick as possible!
Your headbutt misses the wolf.
The wolf is heavily wounded.
You barely miss the yak. The wolf bites you. The wolf bites you!
The yak gores you! Grum barely misses you. The wolf attacks as it pursues you!
The wolf completely misses you. You furiously retaliate!
You headbutt the wolf!
You kill the wolf!
Trog accepts your kill. The yak attacks as it pursues you! The yak gores you.
You see here a yak corpse.
The yak gores you but does no damage. Grum barely misses you.
The yak attacks as it pursues you! You block the yak's attack.
Grum attacks as he pursues you! Grum closely misses you.
You don't know any spells.
The yak attacks as it pursues you! The yak gores you!
* * * LOW HITPOINT WARNING * * *
Grum closely misses you. The yak closely misses you. You furiously retaliate!
You headbutt the yak, but do no damage.
Your skin crawls.
You feel strong-willed. The yak gores you!
* * * LOW HITPOINT WARNING * * *
Grum hits you but does no damage.
As you read the scroll of teleportation, it crumbles to dust.
You feel strangely unstable. The yak gores you!
* * * LOW HITPOINT WARNING * * *
You block Grum's attack. The yak gores you!
You die...

##... . ##)..###### ..
##.........#### ...
..............## ...#
...............## ##.<.#
#...............#####....#
##..............##.†.†...#
##...............Yg†###...#
#...............@#### ...
...............:## .
...#[............#
..##..[[.........#
.####.†<)........# .#
#............# .(#
#...........##
..###.#######....## ..##..#
##....##


You could see Grum and a yak (poisoned).

Vanquished Creatures
  2 two-headed ogres (D:8)
  A cyclops (D:6)
  Maurice (D:8)
  Jeremiah (D:8)
  A komodo dragon (D:8)
  A hornet (D:7)
  A wraith (D:8)
  5 yaks (D:8)
  2 water moccasins
  An ice beast (D:7)
  A sky beast (D:6)
  An ogre (D:6)
  4 wolves (D:8)
  A centaur (D:7)
  4 phantoms
  3 bullfrogs
  A kobold brigand (D:7)
  2 necrophages (D:5)
  3 scorpions (D:5)
  A wyvern zombie (D:5)
  A water moccasin skeleton (D:5)
  4 killer bees (D:8)
  A howler monkey (D:6)
  A human zombie (D:5)
  A hound (D:5)
  A bullfrog zombie (D:5)
  A centaur zombie (D:5)
  3 orc priests
  A bombardier beetle (D:4)
  A jelly (D:6)
  Crazy Yiuf (D:2)
  A gnoll bouda (D:7)
  2 sleepcaps
  Jessica (D:3)
  Terence (D:2)
  An iguana (D:5)
  3 scorpion zombies (D:5)
  6 orc wizards
  2 hound zombies (Ossuary)
  4 mummies (Ossuary)
  10 adders
  14 gnolls
  3 shadow imps (D:5)
  A white imp (D:7)
  2 dart slugs (D:2)
  A ribbon worm (D:2)
  26 orcs
  9 ball pythons
  11 endoplasms
  3 giant cockroaches
  5 goblins
  9 hobgoblins
  2 jackals (D:1)
  2 quokkas
  6 bats
  A frilled lizard (D:2)
  A gnoll zombie (Ossuary)
  4 hobgoblin zombies (Ossuary)
  A jackal zombie (Ossuary)
  14 kobolds
  3 kobold zombies (Ossuary)
  2 quokka zombies (D:5)
  4 rats
  A rat zombie (Ossuary)
209 creatures vanquished.

Notes
Turn   | Place    | Note
-------+----------+-------------------------------------------
     0 | D:1      | CougarLife the Minotaur Berserker began the quest for the
                  | Orb.
     0 | D:1      | Reached XP level 1. HP: 19/19 MP: 0/0
    86 | D:1      | Reached skill level 4 in Axes
    86 | D:1      | Reached XP level 2. HP: 7/27 MP: 1/1
   292 | D:1      | You fall into a shaft and drop 1 floor!
   306 | D:2      | Reached XP level 3. HP: 17/33 MP: 2/2
   319 | D:2      | Reached skill level 5 in Axes
   811 | D:1      | Reached XP level 4. HP: 38/41 MP: 3/3
   811 | D:1      | Found a faded altar of an unknown god.
  1119 | D:2      | Reached ** piety under Trog
  1220 | D:2      | Noticed Terence
  1233 | D:2      | Killed Terence
  1384 | D:2      | Reached skill level 6 in Axes
  1470 | D:2      | Reached skill level 5 in Fighting
  1470 | D:2      | Reached XP level 5. HP: 42/48 MP: 4/4
  1651 | D:2      | Found a runed translucent door.
  1652 | D:2      | Noticed Crazy Yiuf
  1758 | D:2      | Killed Crazy Yiuf
  2018 | D:3      | Found a white marble altar of Elyvilon.
  2062 | D:3      | Noticed Jessica
  2071 | D:3      | Killed Jessica
  2384 | D:3      | Found a shimmering altar of Xom.
  2802 | D:4      | Noticed a phantom
  2812 | D:4      | Killed a phantom
  2813 | D:4      | Reached skill level 7 in Axes
  2813 | D:4      | Reached XP level 6. HP: 57/57 MP: 5/5
  3036 | D:4      | Reached skill level 8 in Axes
  3562 | D:5      | Entered Level 5 of the Dungeon
  3586 | D:5      | Reached XP level 7. HP: 63/64 MP: 6/6
  3588 | D:5      | Found a sand-covered staircase.
  3603 | D:5      | Reached *** piety under Trog
  3621 | Ossuary  | Entered an ossuary
  4066 | D:5      | Reached skill level 9 in Axes
  4135 | D:5      | Reached XP level 8. HP: 73/73 MP: 7/7
  4262 | D:5      | Found a basalt altar of Yredelemnul.
  4328 | D:5      | Reached skill level 10 in Axes
  4443 | D:5      | Found an ancient bone altar of Kikubaaqudgha.
  4540 | D:5      | Reached skill level 11 in Axes
  4620 | D:5      | Reached **** piety under Trog
  4662 | D:5      | Found a bloodstained altar of Trog.
  4792 | D:6      | Noticed a cyclops
  4801 | D:6      | Killed a cyclops
  4802 | D:6      | Reached skill level 5 in Dodging
  4802 | D:6      | Reached XP level 9. HP: 50/82 MP: 8/8
  4973 | D:6      | Found Osaunwis's Antique Armour Boutique.
  4991 | D:6      | Found a staircase to the Ecumenical Temple.
  5092 | D:6      | Found Nelyem's Assorted Antiques.
  5236 | D:6      | Found Zojos's Weapon Boutique.
  5263 | D:6      | Found a hazy altar of Hepliaklqana.
  5349 | D:6      | Found a hide-covered altar of Uskayaw.
  5753 | D:6      | Found Pawohir's Antique Weapon Shop.
  6032 | D:7      | Found a broken altar of Ashenzari.
  6180 | D:7      | Paralysed by a hornet for 1 turns
  6332 | D:7      | Reached skill level 5 in Armour
  6365 | D:7      | Found a glowing golden altar of the Shining One.
  6367 | D:7      | Found a shadowy altar of Dithmenos.
  6367 | D:7      | Found a glowing silver altar of Zin.
  7344 | D:8      | Noticed a two-headed ogre
  7353 | D:8      | Killed a two-headed ogre
  7354 | D:8      | Reached XP level 10. HP: 75/89 MP: 9/9
  7592 | D:8      | Noticed a two-headed ogre
  7603 | D:8      | Killed a two-headed ogre
  7685 | D:8      | Noticed Jeremiah
  7703 | D:8      | Killed Jeremiah
  7807 | D:8      | Noticed Maurice
  7813 | D:8      | Something stole a ring of ice
  7815 | D:8      | Paralysed by something for 4 turns
  7817 | D:8      | Something stole 22 boomerangs
  7819 | D:8      | Something stole 61 gold
  7839 | D:8      | Paralysed by Maurice for 3 turns
  7843 | D:8      | Maurice stole 318 gold
  7845 | D:8      | Killed Maurice
  7846 | D:8      | Reached skill level 12 in Axes
  7993 | D:8      | Noticed Grum
  8000 | D:8      | Reached skill level 13 in Axes
  8013 | D:8      | Slain by a yak

Illustrated notes

Levels and vault maps discovered:
D:1:      wander_arrival_chamber, layout_rooms, basic_ecumenical_altar
D:2:      layout_basic, minmay_shallow_snake_nest, uniq_terence,
          uniq_crazy_yiuf_cottage
D:3:      layout_loops_corners, nicolae_elyvilon_temple_path,
          mainiacjoe_overflow_chevrons, uniq_jessica
D:4:      layout_loops_ring, minmay_door_square
D:5:      layout_rooms, lemuel_mausoleum_altar_kikubaaqudgha,
          trog_hazing_becter, mainiacjoe_overflow_cross_hatched, enter_ossuary_4
D:6:      layout_loops_ring, lemuel_doored_altar, mainiacjoe_overflow_brackets,
          minmay_temple_entry_sparse_star, serial_shops, shop, shop,
          nicolae_shop_back_alley_shop, nicolae_shop_overgrown_old_shop
D:7:      layout_layer_cave, nicolae_overflow_hidden_temple,
          nicolae_overflow_crystal_walls, grunt_temple_overflow_open
D:8:      layout_cave_pods, kennysheep_generic_room_10, uniq_grum,
          uniq_jeremiah, uniq_maurice

Skill      XL: |  1  2  3  4  5  6  7  8  9 10 |
---------------+-------------------------------+-----
Axes           | 4 5 6 7 8 9 11 13 | 13.3
Fighting       | 4 5 6 7 8 |  8.3
Dodging        | 5 8 |  8.0
Armour         | 8 |  8.6
Throwing       | 4 |  4.3

Action                     |  1- 3 |  4- 6 |  7- 9 | 10-12 || total
---------------------------+-------+-------+-------+-------++-------
  Melee: Hand axe          |    40 |   142 |   282 |    59 ||   523
         Headbutt          |     4 |    26 |    63 |    16 ||   109
         Punch             |       |     2 |     4 |       ||     6
         Unarmed           |       |       |       |    11 ||    11
  Throw: Boomerang         |       |       |     3 |     5 ||     8
 Invoke: Berserk           |     1 |     3 |     5 |     4 ||    13
         Trog's Hand       |       |       |       |     3 ||     3
    Use: Scroll            |       |       |     8 |     1 ||     9
 Armour: Animal skin       |    31 |    17 |       |       ||    48
         Scale mail        |       |    51 |   170 |    55 ||   276
         Skin              |       |       |       |     2 ||     2
  Dodge: Dodged            |    27 |    65 |   156 |    29 ||   277
  Block: Other             |       |       |    37 |    20 ||    57
         Reflection        |       |       |     1 |     1 ||     2

Table legend: (Time is in decaauts)
 A = Elapsed time spent in this place.
 B = Non-inter-level travel time spent in this place.
 C = Inter-level travel time spent in this place.
 D = Time resting spent in this place.
 E = Time spent auto-exploring this place.
 F = Levels seen in this place.
 G = Mean time per level.
                   A        B        C        D        E       F      G
               +--------+--------+--------+--------+--------+-----+--------+
         Total |   8044 |   7826 |    218 |   1344 |   5230 |   9 |  893.8 |
       Dungeon |   7640 |   7422 |    218 |   1160 |   5124 |   8 |  955.0 |
       Ossuary |    404 |    404 |      0 |    184 |    106 |   1 |  404.0 |
               +--------+--------+--------+--------+--------+-----+--------+

Top non-repeatable levels by time:
     D:7: 1511 daAuts
     D:2: 1244 daAuts
     D:6: 1141 daAuts
     D:3: 946 daAuts
     D:5: 775 daAuts
     D:4: 764 daAuts
     D:1: 641 daAuts
     D:8: 615 daAuts
 Ossuary: 404 daAuts
